 Dungeon Crawl Stone Soup version 0.25-a0-294-gea9b1ad378 (webtiles) character file.

Game seed: 2302511472003432592, levelgen mode: classic

95 Borgoz the Cutter (level 4, -1/28 HPs)
             Began as a Kobold Gladiator on Dec 16, 2019.
             Succumbed to a goblin's poison
             ... on level 2 of the Dungeon.
             The game lasted 00:01:55 (1522 turns).

Borgoz the Cutter (Kobold Gladiator)                Turns: 1522, Time: 00:01:55

Health: -1/28      AC:  4    Str: 14 (17) XL:     4   Next: 97%
Magic:  4/4        EV: 16    Int:  8 (9)  God:
Gold:   80         SH:  0    Dex: 14 (16) Spells: 3/3 levels left

rFire    . . .     SeeInvis .   e - +0 dagger (venom)
rCold    . . .     Gourm    .   (shield restricted)
rNeg     . . .     Faith    .   b - +0 leather armour
rPois    .         Spirit   .   c - +0 helmet
rElec    .         Reflect  .   (no cloak)
rCorr    .         Harm     .   (no gloves)
MR       .....                  (no boots)
Stlth    +.........             (no amulet)
HPRegen  0.09/turn              (no ring)
MPRegen  0.09/turn              (no ring)

@: mighty, lethally poisoned (-1 -> -26)
A: small, carnivore
a: no special abilities


You were on level 2 of the Dungeon.
You were completely stuffed.

You visited 1 branch of the dungeon, and saw 3 of its levels.

You collected 80 gold pieces.

Inventory:

Hand Weapons
 a - a +0 rapier
 e - a +0 dagger of venom (weapon)
Missiles
 d - 3 throwing nets (quivered)
Armour
 b - a +0 leather armour (worn)
 c - a +0 helmet (worn)
Scrolls
 i - a scroll of amnesia {unknown}
 j - 2 scrolls of immolation {unknown}
 k - 2 scrolls of teleportation {unknown}
 l - a scroll of fog {unknown}
 m - a scroll of fear {unknown}
 n - 3 scrolls of identify {unknown}
Comestibles
 f - 3 rations
 g - 2 chunks of flesh


   Skills:
 + Level 3.4 Fighting
 + Level 5.1 Short Blades
 - Level 2.1 Throwing
 + Level 4.7 Dodging


You had 3 spell levels left.
You didn't know any spells.
Your spell library was empty.

Dungeon Overview and Level Annotations

Branches:
Dungeon (3/15)

Altars:

Annotations:
D:3 Robin


Innate Abilities, Weirdness & Mutations

You are small and have problems with some larger weapons.
You are carnivorous and can eat meat at any time.


Message History

You see here a stone.
It was a potion of might.
You feel very mighty all of a sudden.
* * * LOW HITPOINT WARNING * * *
You feel sick. The goblin hits you but does no damage.
You are more poisoned.
The goblin closely misses you.
It was a potion of magic.
Magic courses through your body.
* * * LOW HITPOINT WARNING * * *
You feel sick. The goblin misses you. The goblin hits you.
* * * LOW HITPOINT WARNING * * *
It was a potion of degeneration.
There was something very wrong with that liquid.
You feel weakened.
You feel dopey.
You feel clumsy.
* * * LOW HITPOINT WARNING * * *
You feel sick. The goblin completely misses you.
The goblin unwields a +0 hunting sling.
The goblin wields a +0 dagger.
The goblin closely misses you. x2
You closely miss the goblin.
You die...

######..# #.# #.# ########)##
######..# #.# #.# #..........
.....#..# ##.# #.# #.######.##
##...#..# ##..####.####.........#
#...#..###..............#####..#
##.............(....###.## #..#
........................######..#
........###.....................#
#.#####.........@g..###########.#
#.# #####.....gg..# #.#
#.#########...<...).# #.#
..................)># #.#
#.#########)........# #.# #.#
#..##...### #.# #.# #).###### #.#
#.#########..######## #..
#.##................# ###


You could see 3 goblins.

Vanquished Creatures
  Jessica (D:2)
  2 adders (D:2)
  A dart slug (D:1)
  A leopard gecko (D:1)
  2 giant cockroaches
  9 goblins
  5 hobgoblins
  5 jackals (D:1)
  6 bats
  3 frilled lizards
  5 kobolds
  8 rats
48 creatures vanquished.

Notes
Turn   | Place    | Note
-------+----------+-------------------------------------------
     0 | D:1      | Borgoz the Kobold Gladiator began the quest for the Orb.
     0 | D:1      | Reached XP level 1. HP: 12/12 MP: 1/1
    32 | D:1      | Reached XP level 2. HP: 17/18 MP: 2/2
   429 | D:1      | Reached XP level 3. HP: 19/22 MP: 3/3
  1074 | D:2      | Reached XP level 4. HP: 21/28 MP: 4/4
  1311 | D:2      | Noticed Jessica
  1316 | D:2      | Killed Jessica
  1316 | D:2      | Reached skill level 5 in Short Blades
  1507 | D:3      | Noticed Robin
  1521 | D:2      | HP: 1/28 [poisoned by a goblin]
  1522 | D:2      | Succumbed to a goblin's poison

Levels and vault maps discovered:
D:1:      dpeg_arrival_ternary, layout_basic, nrook_campfire
D:2:      layout_loops_ring, uniq_jessica
D:3:      layout_basic, first_ration, cheibrodos_sewer_entry_sluice,
          minmay_misc_feat_diagonals, fedhas_altar_2, uniq_robin, uniq_terence

Skill      XL: |  1  2  3  4 |
---------------+-------------+-----
Dodging        | 4 |  4.7
Fighting       | 3 |  3.4
Short Blades   | 5 |  5.1
Throwing       | |  2.1

Action                   |  1- 3 |  4- 6 || total
-------------------------+-------+-------++-------
Melee: Rapier            |    35 |       ||    35
       Dagger            |    68 |    39 ||   107
  Use: Potion            |       |     3 ||     3
 Stab: Sleeping          |       |     1 ||     1
  Eat: Chunk             |     9 |     1 ||    10
Armor: Leather armour    |    19 |     3 ||    22
Dodge: Dodged            |    74 |    39 ||   113

Table legend:
 A = Non-vault XP
 B = Vault XP
 C = Vault XP percentage of total XP
 D = Non-vault monster count
 E = Vault monster count
 F = Vault count percentage of total count
                 A         B        C        D         E       F
            +---------+---------+-------+---------+---------+-------
      Total |      96 |      41 |  29.9 |      45 |       3 |   6.2
            +---------+---------+-------+---------+---------+-------
        D:1 |      43 |       0 |   0.0 |      26 |       0 |   0.0
        D:2 |      53 |      41 |  43.6 |      19 |       3 |  13.6
            +---------+---------+-------+---------+---------+-------
